 Dungeon Crawl Stone Soup version 0.18-a0-775-g4d9e04e (webtiles) character file.

1309 Arkorax the Carver (level 8, -4/61 HPs)
             Began as a High Elf Berserker on Dec 13, 2015.
             Was a Priest of Trog.
             Shot with a poisoned arrow by a centaur (5 damage)
             ... on level 5 of the Dungeon.
             The game lasted 00:10:12 (6179 turns).

Arkorax the Carver (High Elf Berserker)             Turns: 6179, Time: 00:10:12

Health: -4/61      AC:  8    Str: 18    XL:     8   Next: 32%
Magic:  9/9        EV: 11    Int: 10    God:    Trog [***...]
Gold:   49         SH:  0    Dex: 16    Spells: 0 memorised, 7 levels left

rFire  + . .     SeeInvis .     t - +0 long sword
rCold  . . .     Clarity  .     n - +3 ring mail
rNeg   . . .     SustAt   .     (no shield)
rPois  .         Gourm    +     (no helmet)
rElec  .         Spirit   .     (no cloak)
rCorr  .         Dismiss  .     (no gloves)
rMut   .         Stasis   .     (no boots)
MR     ++...                    y - amulet of the gourmand
Stlth  +.........               (no ring)
                                v - ring of protection from fire

@: lethally poisoned (-4 -> -19), regenerating, very resistant to hostile
enchantments, very unstealthy
A: no striking features
a: Berserk, Trog's Hand, Burn Spellbooks, Renounce Religion


You were on level 5 of the Dungeon.
You worshipped Trog.
Trog was most pleased with you.
You were not hungry.

You visited 1 branch of the dungeon, and saw 5 of its levels.

You collected 292 gold pieces.
You spent 243 gold pieces at shops.

Inventory:

Hand Weapons
 a - a +0 falchion
 c - a +2 short sword of protection
 e - a +3 dagger
 j - a +0 dagger of draining
 t - a +0 long sword (weapon)
Missiles
 s - 26 arrows
Armour
 n - a +3 ring mail (worn)
 u - a +0 scale mail
Jewellery
 g - an uncursed ring of protection from magic
 v - a ring of protection from fire (left hand)
 x - a +1 ring of evasion {unknown}
 y - an amulet of the gourmand (around neck)
Wands
 w - a wand of lightning (6)
Scrolls
 b - a scroll of immolation {unknown}
 i - a scroll of noise {unknown}
 k - 6 scrolls of identify {unknown}
 l - 3 scrolls of enchant armour
 o - 2 scrolls of remove curse {unknown}
 q - a scroll of teleportation {unknown}
 r - a scroll of fog {unknown}
Potions
 h - a potion of curing {unknown}
Books
 p - a book of Burglary

   Spells                             Type                      Level
   a - Swiftness                      Charms/Air                   2
   b - Passwall                       Transmutation/Earth          3
   c - Passage of Golubria            Translocation                4
   d - Lee's Rapid Deconstruction     Earth                        5
   e - Darkness                       Hexes                        6
   f - Invisibility                   Hexes                        6
   Trog disapproves of the use of such an item.
Comestibles
 f - 2 slices of pizza
 m - 2 beef jerkies


   Skills:
 + Level 7.7 Fighting
 + Level 9.4 Long Blades
 - Level 1.7 Armour
 - Level 2.1 Dodging


You had 7 spell levels left.
You didn't know any spells.

Dungeon Overview and Level Annotations

Branches:
Dungeon (5/15)
 Temple: D:4-7

Altars:
Elyvilon
Pakellas
Qazlal
Ru
Trog
Vehumet
Zin

Shops:
D:5 *


Message History

You feel slightly more hungry.
You feel sick. The jelly barely misses you.
The centaur shoots a poisoned arrow.
The poisoned arrow hits you.
You are more poisoned.
You're too hungry to go berserk.
Eat which item? (? for menu, Esc to quit)
You feel sick.
The centaur shoots a poisoned arrow.
The poisoned arrow hits you.
* * * LOW HITPOINT WARNING * * *
The jelly closely misses you.
You continue eating.
You feel very sick.
The centaur shoots a poisoned arrow.
The poisoned arrow hits you.
* * * LOW HITPOINT WARNING * * *
You are more poisoned.
The jelly hits you.
* * * LOW HITPOINT WARNING * * *
You are splashed with acid!
The acid burns!
* * * LOW HITPOINT WARNING * * *
The centaur shoots a poisoned arrow.
The poisoned arrow hits you.
You die...

##########
.........#
########.# #.#
#.# # #.# .#
#.# ######J#
#.# #.c.@J#
#.# #.####.#
####
#.####.#####.#
...#
#............#
#..#
######........
#..# #########
#..# #..# #..#


You could see a centaur and 2 jellies.

Vanquished Creatures
  Sigmund (D:3)
  Edmund (D:5)
  An ice beast (D:5)
  2 phantoms (D:4)
  A centaur (D:5)
  Blork the orc (D:5)
  A scorpion (D:4)
  3 wights (D:5)
  A hound (D:4)
  2 orc priests (D:4)
  The ghost of Banto the Caller, a weakling FeSu (D:3)
  Ijyb (D:3)
  4 worker ants
  An orc wizard (D:4)
  A hound skeleton (D:4)
  A hound zombie (D:5)
  6 adders
  2 oozes
  A worm (D:3)
  4 giant geckos
  12 orcs
  3 ball pythons
  2 giant cockroaches
  11 hobgoblins
  3 quokkas
  13 bats
  A giant newt (D:4)
  7 goblins
  9 jackals
  9 kobolds
  6 rats
112 creatures vanquished.

Notes
Turn   | Place    | Note
--------------------------------------------------------------
     0 | D:1      | Arkorax the High Elf Berserker began the quest for the Orb.
     0 | D:1      | Reached XP level 1. HP: 16/16 MP: 2/2
   509 | D:1      | Reached skill level 4 in Long Blades
   509 | D:1      | Reached XP level 2. HP: 10/21 MP: 3/3
   918 | D:1      | Reached ** piety under Trog
  1160 | D:2      | Reached XP level 3. HP: 11/26 MP: 4/4
  2265 | D:2      | Reached XP level 4. HP: 33/33 MP: 5/5
  2366 | D:3      | Reached skill level 5 in Long Blades
  2450 | D:3      | Noticed Sigmund
  2477 | D:3      | Killed Sigmund
  2477 | D:3      | Reached skill level 5 in Fighting
  2477 | D:3      | Reached skill level 6 in Long Blades
  2477 | D:3      | Reached XP level 5. HP: 17/39 MP: 6/6
  2900 | D:3      | Noticed Ijyb
  2947 | D:3      | Killed Ijyb
  2947 | D:3      | Reached XP level 6. HP: 39/45 MP: 7/7
  2972 | D:3      | Found a glowing silver altar of Zin.
  2976 | D:3      | Found a sacrificial altar of Ru.
  3034 | D:3      | Noticed Banto's ghost (weakling FeSu)
  3061 | D:3      | Killed Banto's ghost
  3416 | D:3      | Reached *** piety under Trog
  3664 | D:4      | Found a bloodstained altar of Trog.
  3960 | D:4      | Reached skill level 7 in Long Blades
  4137 | D:4      | Reached XP level 7. HP: 31/52 MP: 8/8
  4351 | D:4      | Found an oddly glowing altar of Pakellas.
  4465 | D:4      | Found a radiant altar of Vehumet.
  4472 | D:4      | Found a white marble altar of Elyvilon.
  4913 | D:4      | Reached skill level 8 in Long Blades
  5319 | D:5      | Entered Level 5 of the Dungeon
  5461 | D:5      | Noticed Edmund
  5475 | D:5      | Killed Edmund
  5517 | D:5      | Reached XP level 8. HP: 34/60 MP: 9/9
  5765 | D:5      | Found a stormy altar of Qazlal.
  5782 | D:5      | Reached skill level 9 in Long Blades
  6005 | D:5      | Noticed Blork the orc
  6017 | D:5      | Killed Blork the orc
  6037 | D:5      | Found Joahiat's Assorted Antiques.
  6048 | D:5      | Bought a translucent ring mail for 243 gold pieces
  6058 | D:5      | Identified the cursed +0 ring mail of the Moneychanger {-Tele *Confuse rElec rCorr} (You bought it in a shop on level 5 of the Dungeon)
  6179 | D:5      | HP: 1/61 [acid (5)]
  6179 | D:5      | Shot with a poisoned arrow by a centaur

Vault maps used:
D:1:      minmay_arrival_loop
D:3:      nicolae_overflow_hidden_temple, serial_glass, glass_columns_b,
          glass_columns_a, glass_columns_c, glass_columns_a, glass_columns_b,
          glass_columns_a, uniq_iyjb, uniq_sigmund
D:4:      nicolae_overflow_crystal_walls, grunt_temple_overflow_open,
          minmay_statues_item, hangedman_decor_diamond_cutter
D:5:      nicolae_qazlal_style_of_elements, minmay_temple_entry_enclosed_plants,
          first_bread, serial_shops, shop, uniq_blork_the_orc, uniq_edmund

Action                   |  1- 3 |  4- 6 |  7- 9 || total
-------------------------+-------+-------+-------++-------
Melee: Falchion          |   164 |       |     2 ||   166
       Dagger            |     5 |   167 |   181 ||   353
       Short sword       |       |    85 |       ||    85
       Long sword        |       |       |    69 ||    69
Invok: Berserk           |     2 |     3 |     1 ||     6
       Trog's Hand       |       |     2 |     2 ||     4
  Use: Potion            |       |     4 |       ||     4
       Scroll            |       |       |     1 ||     1
  Eat: Chunk             |     6 |     4 |     5 ||    15
       Bread ration      |       |     1 |     1 ||     2
       Beef jerky        |       |     1 |       ||     1
       Royal jelly       |       |       |     1 ||     1
